 Dungeon Crawl Stone Soup version 0.27.1-3-gb3d3a73c9e (webtiles) character file.

Game seed: 10454638571993396830

32977 earthworldpsion the Fighter (level 13, 0/178 HPs)
             Began as a Minotaur Berserker on Oct 21, 2021.
             Was a High Priest of Trog.
             Slain by a vault guard (11 damage)
             ... on level 14 of the Dungeon.
             The game lasted 00:33:45 (9049 turns).

earthworldpsion the Fighter (Minotaur Berserker)    Turns: 9049, Time: 00:33:45

Health: 0/178      AC: 25    Str: 37    XL:     13   Next: 34%
Magic:  0/12       EV: 17    Int:  4    God:    Trog [*****.]
Gold:   209        SH:  0    Dex: 11    Spells: 12/12 levels left

rFire    + . .     SeeInvis .   w - +7 trident "Nuod" {freeze, rF+ Str+5}
rCold    . . .     Faith    .   (no shield)
rNeg     + . .     Spirit   .   V - +1 plate armour {rN+}
rPois    .         Reflect  .   M - +2 hat
rElec    .         Harm     .   E - +0 cloak
rCorr    .         Rampage  .   Y - +2 pair of gloves {Stlth+}
Will     ++...                  d - +0 pair of boots
Stlth    ..........             h - amulet of regeneration
HPRegen  2.39/turn              v - +4 ring of evasion
MPRegen  0.13/turn              i - +6 ring of strength

@: berserking (expiring), strong-willed, regenerating, very quick
A: horns 2, retaliatory headbutt
a: Renounce Religion, Berserk, Trog's Hand, Brothers in Arms


You were on level 14 of the Dungeon.
You worshipped Trog.
Trog was extremely pleased with you.
You visited 1 branch of the dungeon, and saw 14 of its levels.

You collected 1067 gold pieces.
You spent 858 gold pieces at shops.

Inventory:

Hand Weapons
 l - a +3 vorpal shortbow
 w - the +7 trident "Nuod" (weapon) {freeze, rF+ Str+5}
   (You found it on level 5 of the Dungeon)

   It freezes those it strikes, dealing additional cold damage.
   It can also slow down cold-blooded creatures.
   Str:       It affects your strength (+5).
   rF:        It protects you from fire.
 G - a +2 vampiric halberd
Armour
 d - a +0 pair of boots (worn)
 E - a +0 cloak (worn)
 M - a +2 hat (worn)
 V - a +1 plate armour of positive energy (worn)
 Y - a +2 pair of gloves of stealth (worn)
Jewellery
 b - a ring of poison resistance
 h - an amulet of regeneration (around neck)
 i - a +6 ring of strength (right hand)
 t - a ring of protection from fire
 v - a +4 ring of evasion (left hand)
Wands
 a - a wand of paralysis (20)
 j - a wand of iceblast (11) (quivered)
 C - a wand of acid (11)
 F - a wand of charming (5)
 N - a wand of mindburst (15)
 P - a wand of digging (2)
 T - a wand of flame (22)
Scrolls
 c - 5 scrolls of magic mapping
 m - 3 scrolls of blinking
 p - 10 scrolls of teleportation
 s - 3 scrolls of fog
 u - a scroll of noise {unknown}
 y - 3 scrolls of holy word
 D - 2 scrolls of immolation {unknown}
 I - a scroll of fear
 K - a scroll of summoning {unknown}
 L - 3 scrolls of enchant weapon {unknown}
 U - a scroll of enchant armour {unknown}
Potions
 f - 4 potions of invisibility {unknown}
 g - 3 potions of brilliance {unknown}
 n - 5 potions of heal wounds {unknown}
 r - 9 potions of curing
 x - a potion of mutation {unknown}
 z - 2 potions of haste {unknown}
 A - 3 potions of flight {unknown}
 J - a potion of might {unknown}
 R - 3 potions of lignification {unknown}
 Z - a potion of ambrosia {unknown}
Miscellaneous
 B - a phial of floods
 X - a condenser vane


   Skills:
 + Level 12.8 Fighting
 + Level 12.8(14.3) Axes
 - Level 2.3(8.8) Maces & Flails
 + Level 11.0(13.3) Polearms
 + Level 12.5 Armour
 + Level 11.7 Dodging


You had 12 spell levels left.
You didn't know any spells.
Your spell library was empty.

Dungeon Overview and Level Annotations

Branches:
Dungeon (14/15)            Temple (0/1) D:4            Lair (0/6) D:9
    Orc (0/2) D:10         Vaults (0/5) D:14

Altars:
Dithmenos
Elyvilon
Fedhas
Gozag
Hepliaklqana
Kikubaaqudgha
Nemelex Xobeh
Qazlal
Trog
Vehumet
Wu Jian
Yredelemnul
Beogh
Jiyva

Shops:
D:4 :[(=:   D:5 !   D:7 [   D:13 (


Innate Abilities, Weirdness & Mutations

You have a pair of horns on your head.
You reflexively headbutt those who attack you in melee.


Message History

You puncture the death knight! You freeze the death knight.
You kill the death knight!
Trog accepts your kill.
Your damage is reflected back at you!
* * * LOW HITPOINT WARNING * * *
You impale the vault guard!! You freeze the vault guard.
You headbutt the vault guard!!
The vault guard is severely wounded.
The skeletal warrior hits you from afar with a +2 antimagic halberd!
* * * LOW HITPOINT WARNING * * *
You feel your power leaking away.
You puncture the vault guard! You freeze the vault guard!
You headbutt the vault guard.
You kill the vault guard!
Trog accepts your kill.
Your base Polearms skill increases to level 11!
You barely miss the vault guard. You headbutt the vault guard.
The vault guard is lightly wounded.
The skeletal warrior completely misses you.
You impale the vault guard!! You freeze the vault guard.
You headbutt the vault guard!
The vault guard is heavily wounded.
You puncture the vault guard! You freeze the vault guard.
Your headbutt misses the vault guard.
The vault guard is severely wounded.
You rip and tear the barbed spikes from your body.
The skeletal warrior hits you from afar with a +2 antimagic halberd!
* * * LOW HITPOINT WARNING * * *
The vault guard hits you with a +3 great sword!
* * * LOW HITPOINT WARNING * * *
The freezing wraith closely misses you. The freezing wraith barely misses you.
You are too berserk!
You hit the vault guard. You freeze the vault guard.
You headbutt the vault guard, but do no damage.
The vault guard is almost dead.
You hit the vault guard. You freeze the vault guard.
You headbutt the vault guard.
The vault guard is almost dead.
The vault guard hits you with a +3 great sword!
You die...

..................
#................
##...............
##.............. #
##.............. ...
##............... .....#
#...# ##.....≈≈≈≈≈≈≈....
......#
....lp#)......≈≈≈≈......
#......+
..∩.cyW@......≈.≈≈......
.......#
....Hz#p................
......# #...#
##............. ..
.....# ... ##...........
.. ....# ##+##
##...###### ## ....##
##...## ##...#
.....####.....####....#
......##.......##.....#
......................#


You could see 2 vault guards, a skeletal warrior, a centaur warrior, a
manticore, a freezing wraith, a basilisk and a vampire mosquito.

Vanquished Creatures
  Gastronok (D:8)
  Agnes (D:14)
  A quicksilver ooze (D:12)
  4 slime creatures
  3 hydras (D:14)
  Fannar (D:11)
  Erica (D:8)
  2 vault guards (D:14)
  The ghost of Icepheonix32 the Blocker, a journeyman DsFi of Okawaru (D:12)
  A boulder beetle (D:14)
  3 centaur warriors
  A death knight (D:14)
  A two-headed ogre (D:9)
  The ghost of BigDaddyOpFi the Unseen, a novice OpFi of Dithmenos (D:8)
  A wizard (D:13)
  The ghost of TigerRab the Ruffian, a novice TrAr (D:6)
  An orc knight (D:11)
  6 cyclopes
  2 manticores (D:12)
  A gargoyle (D:12)
  A cane toad (shapeshifter) (D:13)
  Maggie (D:8)
  An unseen horror (D:11)
  A kobold demonologist (D:10)
  A freezing wraith (D:14)
  A troll (D:10)
  A hornet (D:9)
  3 vampires
  5 wraiths
  3 wyverns
  4 fire bats (D:13)
  4 yaks (D:8)
  A basilisk (D:14)
  6 vampire mosquitoes
  A warg (D:10)
  A hell hound (D:13)
  3 acid dragons
  A black bear (D:8)
  13 orc warriors
  5 necrophages
  An ice beast (D:5)
  2 sky beasts
  4 ogres
  2 centaurs
  4 kobold brigands (D:10)
  2 bullfrogs
  3 scorpions
  A wyvern zombie (D:6)
  2 water moccasin zombies (D:4)
  A wyvern skeleton (D:6)
  9 killer bees
  12 wights
  8 howler monkeys
  An electric eel (D:12)
  A bullfrog zombie (D:4)
  4 centaur zombies
  4 hounds
  2 lava snakes (D:13)
  8 orc priests
  A bullfrog skeleton (D:7)
  3 jellies
  A centaur skeleton (D:6)
  A human zombie (D:4)
  2 scorpion zombies (D:4)
  Natasha (D:2)
  6 iguanas
  14 orc wizards
  2 killer bee zombies
  A howler monkey zombie (D:6)
  4 gnolls (D:7)
  3 adders
  A shadow imp (D:5)
  3 white imps
  2 ufetubi (D:5)
  5 worms
  3 dart slugs
  54 orcs
  3 ball pythons
  4 endoplasms
  4 giant cockroaches
  5 goblins
  4 hobgoblins
  A quokka (D:4)
  2 frilled lizards (D:3)
  3 kobolds
  A rat (D:3)
  2 fire vortices (D:13)
298 creatures vanquished.

Vanquished Creatures (collateral kills)
  3 jellies (D:12)
3 creatures vanquished.

Vanquished Creatures (others)
  A fire vortex (D:13)
  8 plants (D:12)
9 creatures vanquished.

Grand Total: 310 creatures vanquished

Notes
Turn   | Place    | Note
-------+----------+-------------------------------------------
     0 | D:1      | earthworldpsion the Minotaur Berserker began the quest for
                  | the Orb.
     0 | D:1      | Reached XP level 1. HP: 19/19 MP: 0/0
   184 | D:1      | Reached XP level 2. HP: 27/27 MP: 1/1
   184 | D:1      | Found a faded altar of an unknown god.
   560 | D:2      | Noticed Natasha
   569 | D:2      | Killed Natasha
   570 | D:2      | Reached XP level 3. HP: 33/33 MP: 2/2
   693 | D:2      | You fall into a shaft and drop 2 floors!
   708 | D:4      | Found Nuremo's Book Shop.
   727 | D:4      | Found a staircase to the Ecumenical Temple.
   784 | D:4      | Found a sparkling altar of Nemelex Xobeh.
   806 | D:3      | Reached ** piety under Trog
   823 | D:3      | Found a radiant altar of Vehumet.
   954 | D:3      | Reached XP level 4. HP: 41/41 MP: 3/3
   989 | D:3      | Found a hazy altar of Hepliaklqana.
   995 | D:3      | Found a faded altar of an unknown god.
  1114 | D:3      | Found a shadowy altar of Dithmenos.
  1325 | D:4      | Noticed an ogre
  1332 | D:4      | Killed an ogre
  1333 | D:4      | Reached XP level 5. HP: 47/47 MP: 4/4
  1334 | D:4      | Found Ujuemifi's Antique Armour Shoppe.
  1341 | D:4      | Found Gakhecs's Jewellery Shop.
  1347 | D:4      | Found Sit Dith's Antique Weapon Shoppe.
  1376 | D:4      | Reached skill level 5 in Fighting
  1376 | D:4      | Reached skill level 5 in Axes
  1381 | D:4      | Found Apeil's Book Boutique.
  1612 | D:4      | Found a stormy altar of Qazlal.
  1612 | D:4      | Found a bloodstained altar of Trog.
  1694 | D:4      | Reached XP level 6. HP: 53/56 MP: 5/5
  1747 | D:4      | Reached skill level 5 in Armour
  1747 | D:4      | Reached XP level 7. HP: 56/61 MP: 6/6
  1771 | D:4      | Reached skill level 5 in Dodging
  1800 | D:4      | Found a basalt altar of Yredelemnul.
  1894 | D:4      | Reached XP level 8. HP: 71/71 MP: 7/7
  1922 | D:4      | Found a blossoming altar of Fedhas.
  1998 | D:4      | Found an ancient bone altar of Kikubaaqudgha.
  2075 | D:5      | Entered Level 5 of the Dungeon
  2116 | D:5      | Reached skill level 1 in Maces & Flails
  2180 | D:5      | Reached *** piety under Trog
  2197 | D:5      | Identified the +7 trident "Nuod" {freeze, rF+ Str+5}
  2274 | D:5      | Found Fitostao's Distillery.
  2513 | D:6      | Reached XP level 9. HP: 80/80 MP: 8/8
  2649 | D:6      | Reached **** piety under Trog
  2766 | D:6      | Noticed TigerRab's ghost (novice TrAr)
  2777 | D:6      | Found a transporter.
  2780 | D:6      | Found a transporter.
  2813 | D:6      | Killed TigerRab's ghost
  3270 | D:7      | Reached skill level 5 in Polearms
  3275 | D:7      | Reached XP level 10. HP: 90/90 MP: 9/9
  3594 | D:7      | Found Simanos's Antique Armour Shoppe.
  3908 | D:8      | Noticed Gastronok
  3920 | D:8      | Killed Gastronok
  4010 | D:8      | Noticed Maggie
  4023 | D:8      | Killed Maggie
  4030 | D:8      | Reached ***** piety under Trog
  4034 | D:8      | Reached skill level 10 in Fighting
  4037 | D:8      | Found a runed translucent door.
  4042 | D:8      | Noticed BigDaddyOpFi's ghost (novice OpFi)
  4072 | D:8      | Killed BigDaddyOpFi's ghost
  4073 | D:8      | Reached skill level 10 in Axes
  4308 | D:8      | Noticed Erica
  4330 | D:8      | Killed Erica
  4331 | D:8      | Reached XP level 11. HP: 46/100 MP: 10/10
  4762 | D:9      | Noticed a two-headed ogre
  4768 | D:9      | Killed a two-headed ogre
  4769 | D:9      | Reached skill level 10 in Armour
  4793 | D:9      | Found an ornate altar of the Wu Jian Council.
  4858 | D:9      | Found a staircase to the Lair.
  5012 | D:9      | Noticed a centaur warrior
  5019 | D:9      | Killed a centaur warrior
  5233 | D:9      | Found a white marble altar of Elyvilon.
  5404 | D:10     | Entered Level 10 of the Dungeon
  5904 | D:10     | Found a staircase to the Orcish Mines.
  6097 | D:10     | Found an opulent altar of Gozag.
  6457 | D:11     | Noticed an orc knight
  6462 | D:11     | Killed an orc knight
  6463 | D:11     | Reached skill level 10 in Dodging
  6789 | D:11     | Reached XP level 12. HP: 110/110 MP: 11/11
  6935 | D:12     | Noticed a centaur warrior
  6940 | D:12     | Killed a centaur warrior
  6943 | D:12     | Identified the +1 leather armour of Fallacy {rC+}
  6965 | D:12     | Found a runed translucent gate.
  6966 | D:12     | Found a runed translucent gate.
  6966 | D:12     | Found a runed translucent gate.
  6967 | D:12     | Noticed a quicksilver ooze
  6968 | D:12     | Noticed Icepheonix32's ghost (journeyman DsFi)
  6995 | D:12     | Found a viscous altar of Jiyva.
  7002 | D:12     | Killed Icepheonix32's ghost
  7002 | D:12     | Received a gift from Trog
  7006 | D:12     | Killed a quicksilver ooze
  7087 | D:12     | Noticed Fannar
  7112 | D:11     | Killed Fannar
  7849 | D:4      | Bought a shiny plate armour for 858 gold pieces
  8017 | D:13     | Reached skill level 10 in Polearms
  8338 | D:13     | Noticed a centaur warrior
  8345 | D:13     | Killed a centaur warrior
  8482 | D:13     | Found Mishoito's Antique Weapon Emporium.
  8604 | D:14     | Noticed an eight-headed hydra
  8610 | D:14     | Killed an eight-headed hydra
  8778 | D:14     | Noticed a boulder beetle
  8788 | D:14     | Killed a boulder beetle
  8789 | D:14     | Reached XP level 13. HP: 115/119 MP: 12/12
  8931 | D:14     | Noticed Agnes
  8948 | D:14     | Killed Agnes
  9027 | D:14     | Found a gate to the Vaults.
  9047 | D:14     | HP: 8/178 [vault guard (10)]
  9049 | D:14     | Slain by a vault guard

Illustrated notes

Levels and vault maps discovered:
D:1:      lemuel_arrival_tunnels, layout_rooms,
          dreamdust_ecumenical_altar_statues, serial_park_tiny_pond
D:2:      kennysheep_big_flooded_room, layout_rooms, kennysheep_path_1,
          hangedman_decor_points, uniq_natasha
D:3:      layout_basic, grunt_dithmenos_smoke_and_mirrors,
          beargit_hepliaklqana_dungeon_heroes, nicolae_overflow_hidden_temple
D:4:      layout_basic, amcnicky_altar_gilded,
          lemuel_mausoleum_altar_yredelemnul,
          nicolae_kikubaaqudgha_miasma_corner, nemelex_diamond_rough_becter,
          amethyst_overflow_temple_binary, minmay_temple_entry_mist,
          serial_shops, nicolae_shop_trees, nicolae_shop_stone, shop_statue,
          nicolae_diamond_shop, shop, minmay_crystal_water
D:5:      layout_rooms, serial_shops, shop
D:6:      layout_loops_ring, gammafunk_ghost_arena
D:7:      layout_rooms, serial_shops, shop_statue, serial_glass,
          glass_columns_b, glass_columns_b
D:8:      layout_basic, ebering_ghost_reflecting_pool, uniq_maggie, uniq_erica,
          uniq_gastronok
D:9:      layout_loops_cross, elyvilon_altar_5, nicolae_wu_jian_wuxing_cycle,
          lair_entry_dummy
D:10:     layout_irregular_city, nicolae_gozag_cash_rules_everything_around_me,
          david_orc_1_choice, minmay_misc_feat_enclosed
D:11:     layout_gridville, special_room [special_room_orc]
D:12:     layout_loops_cross, gammafunk_ghost_ooze, serial_bayou,
          serial_bayou_crossing, serial_bayou_pond_a, serial_bayou_pond_a,
          serial_bayou_pond_e, uniq_fannar
D:13:     layout_roguey, serial_shops, shop, hangedman_incinerator
D:14:     layout_long_grid, lightli_vaults_fourway_checkpoint,
          infiniplex_staircase_zigzag_2, serial_rivers,
          chequers_serial_rivers_micro_e, chequers_serial_rivers_micro_e,
          chequers_serial_rivers_micro_b, chequers_serial_rivers_room_b,
          chequers_serial_rivers_small_b, chequers_serial_rivers_small_b,
          kennysheep_kite_vault, uniq_agnes

Skill      XL: |  1  2  3  4  5  6  7  8  9 10 11 12 13 |
---------------+----------------------------------------+-----
Fighting       | 4 5 6 7 8 10 11 12 | 12.8
Axes           | 4 5 6 7 8 10 11 12 | 12.8
Armour         | 3 4 5 6 7 8 9 11 12 | 12.5
Dodging        | 3 4 5 6 7 9 10 11 | 11.7
Maces & Flails | 2 |  2.3
Polearms       | 2 5 7 8 10 11 | 11.0

Action                   |  1- 3 |  4- 6 |  7- 9 | 10-12 | 13-15 || total
-------------------------+-------+-------+-------+-------+-------++-------
Melee: Hand axe          |    53 |    57 |    85 |       |       ||   195
       Headbutt          |    10 |    10 |    43 |    74 |    18 ||   155
       Morningstar       |       |       |    36 |       |       ||    36
       Trident           |       |       |   116 |   447 |    58 ||   621
Invok: Berserk           |     3 |     2 |     8 |    16 |     2 ||    31
       Trog's Hand       |       |     2 |     1 |     9 |     1 ||    13
       Brothers in Arms  |       |       |       |     1 |       ||     1
Evoke: Wand              |       |       |       |     8 |       ||     8
  Use: Scroll            |       |       |     5 |     6 |     1 ||    12
 Stab: Distracted        |       |       |       |     1 |       ||     1
Armor: Leather armour    |     8 |       |       |       |       ||     8
       Ring mail         |     6 |    20 |    85 |       |       ||   111
       Plate armour      |       |       |    21 |   179 |    15 ||   215
Dodge: Dodged            |    28 |    41 |   124 |   174 |    24 ||   391
